 Dungeon Crawl Stone Soup version 0.27-a0-1591-gc56fcc985a (webtiles) character file.

Game seed: 5046845236186636714

179 bande the Shield-Bearer (level 5, -2/33 HPs)
             Began as a Gargoyle Fighter on July 20, 2021.
             Slain by an orc (6 damage)
             ... on level 2 of the Dungeon.
             The game lasted 00:05:18 (2751 turns).

bande the Shield-Bearer (Gargoyle Fighter)          Turns: 2751, Time: 00:05:19

Health: -2/33      AC: 12    Str: 19    XL:     5   Next: 59%
Magic:  5/5        EV:  7    Int:  9    God:
Gold:   1400       SH: 11    Dex: 10    Spells: 4/4 levels left

rFire    . . .     SeeInvis .   a - +0 war axe
rCold    . . .     Faith    .   h - +2 kite shield
rNeg     + . .     Spirit   .   b - +0 scale mail
rPois    ∞         Reflect  .   g - +0 helmet
rElec    +         Harm     .   (no cloak)
rCorr    .         Rampage  .   (no gloves)
Will     .....                  (no boots)
Stlth    ..........             (no amulet)
HPRegen  0.11/turn              (no ring)
MPRegen  0.09/turn              (no ring)

@: no status effects
A: sickness immunity, AC +4, negative energy resistance 1, electricity
resistance, torment resistance 1, petrification resistance
a: no special abilities


You were on level 2 of the Dungeon.
You visited 1 branch of the dungeon, and saw 3 of its levels.

You collected 1400 gold pieces.

Inventory:

Hand Weapons
 a - a +0 war axe (weapon)
Armour
 b - a +0 scale mail (worn)
 g - a +0 helmet (worn)
 h - a +2 kite shield (worn)
Wands
 c - a wand of mindburst (17)
 f - a wand of flame (32)
Potions
 e - a potion of haste {unknown}


   Skills:
 + Level 3.8 Fighting
 + Level 3.1 Axes
 + Level 4.2 Armour
 + Level 0.8 Dodging
 + Level 4.4 Shields
 * Level 0.5 Evocations


You had 4 spell levels left.
You didn't know any spells.
Your spell library contained the following spells:

 Spells                   Type           Power      Damage    Failure   Level
 Portal Projectile        Hex/Tloc       0%         N/A       100%        3
 Blade Hands              Tmut           0%         N/A       100%        5
 Excruciating Wounds      Necr           0%         N/A       100%        5


Dungeon Overview and Level Annotations

Branches:
Dungeon (3/15)

Altars:


Innate Abilities, Weirdness & Mutations

You are immune to sickness and miasma.
Your stone body is resilient. (AC +4)
You are immune to poison.
You resist negative energy. (rN+)
You are resistant to electric shocks. (rElec)
You are resistant to unholy torment.
You are immune to petrification.


Message History

You block the orc wizard's attack.
An orc comes into view. It is wielding a +0 war axe.
The orc shouts!
You slash the orc priest!
You kill the orc priest!
You slash the orc!
You kill the orc!
You slash the orc wizard!
You kill the orc wizard!
You slash the hobgoblin!
You kill the hobgoblin!
The kobold throws a stone.
The stone hits you.
* * * LOW HITPOINT WARNING * * *
Your Axes skill increases to level 3!
Things that are here:
a +0 short sword; a +0 leather armour; an orc corpse Unknown command.
The kobold throws a stone.
The stone hits you but does no damage.
The kobold throws a stone.
The stone hits you but does no damage.
You open the door.
Found 12 stones.
Found a stone staircase leading down.
There is an open door here.
The kobold throws a stone.
You block the stone.
The kobold throws a stone.
The stone barely misses you.
You open the door.
The kobold throws a stone.
The stone hits you but does no damage.
The kobold throws a stone.
The stone hits you but does no damage.
There is an open door here.
The kobold hits you with a +0 short sword.
* * * LOW HITPOINT WARNING * * *
You block the kobold's attack.
The kobold throws a stone.
You block the stone.
Found 12 gold pieces.
You feel a little less mighty now.
There is a stone staircase leading up here.
You climb upwards.
There is a stone staircase leading down here.
You closely miss the orc. You block the orc's attack.
The orc hits you with a +0 war axe.
You die...

### ### ..# #.# ..# #.#########
########## ..###...#.....###
#........# ......#.#.....#.####
#........# ........#.......@o.#
#........# ........#..........#
#........# ...........###.....#
#........# ...........[......##
#........# ..................#
#........#
.#.#......).......#####........##
...#.#..#......#####.##........##
.###.#...#..#..#####.##..........
.....................##.........#


You could see an orc.

Vanquished Creatures
  An orc priest (D:3)
  Jessica (D:2)
  An orc wizard (D:3)
  Robin (D:1)
  2 adders
  2 dart slugs (D:1)
  An orc (D:3)
  4 bats
  5 endoplasms
  15 goblins
  7 hobgoblins
  3 jackals
  6 kobolds
  2 quokkas
  3 ball pythons
  6 rats
60 creatures vanquished.

Notes
Turn   | Place    | Note
-------+----------+-------------------------------------------
     0 | D:1      | bande the Gargoyle Fighter began the quest for the Orb.
     0 | D:1      | Reached XP level 1. HP: 14/14 MP: 1/1
   587 | D:1      | Reached XP level 2. HP: 19/19 MP: 2/2
   965 | D:1      | Reached XP level 3. HP: 23/23 MP: 3/3
  1030 | D:1      | Found a faded altar of an unknown god.
  1225 | D:2      | Identified 2 scrolls of acquirement
  1225 | D:2      | Acquired 580 gold pieces
  1228 | D:2      | Acquired 746 gold pieces
  1234 | D:2      | Noticed Jessica
  1504 | D:2      | Killed Jessica
  1505 | D:2      | Reached XP level 4. HP: 28/28 MP: 4/4
  1534 | D:2      | Noticed Robin
  1657 | D:1      | Killed Robin
  2607 | D:3      | Reached XP level 5. HP: 33/33 MP: 5/5
  2751 | D:2      | Slain by an orc

Illustrated notes

Levels and vault maps discovered:
D:1:      sevenhm_arrival_forest_fort_large_3, layout_basic,
          chequers_ecumenical_altar_simple_redux, serial_park_tiny_pond,
          minmay_hexomino_f4
D:2:      layout_basic, uniq_robin, uniq_jessica
D:3:      kennysheep_goblin_castle, layout_basic, minitemple

Skill      XL: |  1  2  3  4  5 |
---------------+----------------+-----
Axes           | 2 3 |  3.1
Armour         | 4 |  4.2
Shields        | 4 |  4.4
Fighting       | |  3.8
Dodging        | |  0.8
Evocations     | |  0.5

Action                   |  1- 3 |  4- 6 || total
-------------------------+-------+-------++-------
Melee: War axe           |   100 |    99 ||   199
  Use: Scroll            |     4 |     2 ||     6
       Potion            |       |     5 ||     5
Armor: Scale mail        |    71 |    73 ||   144
Dodge: Dodged            |    49 |    28 ||    77
Block: Kite shield       |    74 |    90 ||   164

Table legend: (Time is in decaauts)
 A = Elapsed time spent in this place.
 B = Non-inter-level travel time spent in this place.
 C = Inter-level travel time spent in this place.
 D = Time resting spent in this place.
 E = Time spent auto-exploring this place.
 F = Levels seen in this place.
 G = Mean time per level.
                   A        B        C        D        E       F      G
               +--------+--------+--------+--------+--------+-----+--------+
         Total |   2882 |   2882 |      0 |    623 |   1569 |   3 |  960.7 |
       Dungeon |   2882 |   2882 |      0 |    623 |   1569 |   3 |  960.7 |
               +--------+--------+--------+--------+--------+-----+--------+

Top non-repeatable levels by time:
     D:1: 1822 daAuts
     D:2: 894 daAuts
     D:3: 165 daAuts
